 Dungeon Crawl Stone Soup version 0.30-a0-354-g6b83867211 (webtiles) character file.

Game seed: 14861395382576781381

414 ytrimaz the Slasher (level 7, 0/52 HPs)
             Began as a Formicid Fighter on Nov 7, 2022.
             Was an Initiate of Okawaru.
             Succumbed to a scorpion's poison
             ... on level 4 of the Dungeon.
             The game lasted 00:04:01 (3949 turns).

ytrimaz the Slasher (Formicid Fighter)              Turns: 3949, Time: 00:04:02

Health: 0/52       AC:  8    Str: 18 (20) XL:     7   Next: 14%
Magic:  7/7        EV:  9    Int:  6 (8)  God:    Okawaru [......]
Gold:   172        SH:  5    Dex: 13 (15) Spells: 6/6 levels left

rFire   + . .      SeeInvis +    a - +0 long sword
rCold   . . .      Faith    .    c - +0 buckler
rNeg    . . .      Spirit   .    b - +0 scale mail
rPois   .          Reflect  .    (helmet unavailable)
rElec   .          Harm     .    (no cloak)
rCorr   .          Rampage  .    d - +0 pair of gloves
Will    +....                    (no boots)
Stlth   ..........               (no amulet)
HPRegen 0.28/turn                j - ring of willpower
MPRegen 0.10/turn                k - ring of protection from fire

@: lethally poisoned (0 -> -4)
A: permanent stasis, dig shafts and tunnels, antennae 3, four strong arms
a: Dig, Shaft Self, Renounce Religion


You were on level 4 of the Dungeon.
You worshipped Okawaru.
Okawaru was noncommittal.
You visited 2 branches of the dungeon, and saw 6 of its levels.

You collected 217 gold pieces.
You spent 45 gold pieces at shops.


Innate Abilities, Weirdness & Mutations

You cannot be hasted, slowed, berserked, paralysed or teleported.
You can dig through walls and to a lower floor.
You have a pair of large antennae on your head. (SInv)
Your four strong arms can wield two-handed weapons with a shield.


   Skills:
 - Level 3.2 Fighting
 + Level 7.2 Long Blades
 - Level 3.2 Armour
 - Level 4.0 Shields


You had 6 spell levels left.
You didn't know any spells.
Your spell library was empty.

Inventory:

Hand Weapons
 a - a +0 long sword (weapon)
Missiles
 f - 3 boomerangs
 i - 5 atropa-tipped darts
 l - a throwing net
Armour
 b - a +0 scale mail (worn)
 c - a +0 buckler (worn)
 d - a +0 pair of gloves (worn)
   (You bought it in a shop on level 2 of the Dungeon)
Jewellery
 j - a ring of willpower (left hand)
   (You found it on level 1 of the Dungeon)
 k - a ring of protection from fire (right hand)
   (You found it on level 1 of the Dungeon)
Scrolls
 h - 2 scrolls of amnesia
 n - a scroll of magic mapping
 o - 2 scrolls of enchant armour
Potions
 e - a potion of mutation
 g - 3 potions of flight
 m - a potion of attraction
 p - a potion of might

Dungeon Overview and Level Annotations

Branches:
Dungeon (5/15) Zot: 26338  Temple (1/1) D:4 Zot: 5666

Altars:
Ashenzari
Cheibriados
Fedhas
Hepliaklqana
Kikubaaqudgha
Nemelex Xobeh
Okawaru
Qazlal
Ru
Trog
Vehumet
Wu Jian
Yredelemnul

Shops:
D:2

[ #########
######.......###
#######......#.).....#
#..............##.##.#
#........##.##)#...#.#
#........#@..#.......#
#.........†........#.#
#........#........##.##
##...###.##...##......#
#..## #......##...##.##
##..# ##.##........#..#
######..###
#.#(...........#
##.........#
#.......#...#..#
.........<.#
#.#...#.##.##..#


There were no monsters in sight!


Message History

😕 HP[-3]
You take 3 damage, and now have 43/47 hp.
You barely miss the white imp.
Something stings the plant.
The white imp barely misses you.
You barely miss the white imp.
A nearby plant withers and dies.
Something stings the plant.
The white imp completely misses you.
Something stings the plant!
The plant is poisoned.
Something poisons the plant! 😕 HP[+1]
You hit the white imp but do no damage. The white imp gestures at you.
The puff of frost hits you but does no damage.
Something completely misses the plant.
Okay, then.
You closely miss the white imp.
A nearby plant withers and dies.
The white imp barely misses you.
You barely miss the white imp.
The white imp hits you but does no damage. 😕 HP[+1]
As you read the scroll labelled ERENIE IWKEKHU, it crumbles to dust.
You hear a loud clanging noise!
It was a scroll of noise.
You hear a shout! x8
The white imp completely misses you.
Unknown command.
The white imp gestures at you. The puff of frost hits you. 😕 HP[-3]
You take 3 damage, and now have 42/47 hp.
The white imp gestures at you. The puff of frost hits you! 😮 HP[-9]
You take 9 damage, and now have 33/47 hp.
You are too injured to fight recklessly!
You slash the scorpion! The white imp hits you. The white imp freezes you.
The scorpion stings you but does no damage.
The white imp barely misses you. 😮 HP[-6]
You take 6 damage, and now have 27/47 hp.
You are too injured to fight recklessly!
Unknown command.
You are too injured to fight recklessly!
You hit the white imp but do no damage. The scorpion stings you.
A kobold comes into view. It is wielding a +0 whip.
You block the white imp's attack. 😮 HP[-2]
You take 2 damage, and now have 25/47 hp.
Unknown command.
You closely miss the white imp. The scorpion barely misses you.
The white imp shouts, "Escape, thou frothy weather-bitten reprobate!"
The white imp hits you but does no damage.
Unknown command.
The scorpion stings you but does no damage. 😮 HP[+1]
The scorpion attacks as you move away! The scorpion stings you.
* * * LOW HITPOINT WARNING * * *
You are poisoned.
The scorpion poisons you!
You feel very sick. 😨 HP[-8]
You take 8 damage, and now have 18/47 hp.
You feel sick.
There is an escape hatch in the ceiling here. 😨 HP[-1]
You take 1 damage, and now have 17/47 hp.
You feel sick. The scorpion stings you.
* * * LOW HITPOINT WARNING * * *
You are lethally poisoned!
The scorpion poisons you! You block the scorpion's attack.
A mysterious force pulls you upwards. The hatch slams shut behind you.
* * * LOW HITPOINT WARNING * * *
You feel very sick. 😱 HP[-9]
You take 9 damage, and now have 8/47 hp.
Okay, then.
You slash the scorpion!
* * * LOW HITPOINT WARNING * * *
You feel very sick.
You block the scorpion's attack. 😱 HP[-2]
You take 2 damage, and now have 6/47 hp.
You hit the scorpion but do no damage.
* * * LOW HITPOINT WARNING * * *
You feel sick.
You block the scorpion's attack. 😱 HP[-2]
You take 2 damage, and now have 4/47 hp.
Unknown command.
You slash the scorpion!
You kill the scorpion!
Okawaru accepts your kill.
* * * LOW HITPOINT WARNING * * *
You feel sick.
You feel your dexterity returning.
Your Long Blades skill increases to level 7!
You have reached level 7!
* * * LOW HITPOINT WARNING * * *
You feel sick.
You see here a scorpion corpse. 😱 HP[-3] MP[+1]
You now have 52 max hp (+5).
Your mp is fully restored (7).
You die...

Skill      XL: |  1  2  3  4  5  6 |
---------------+-------------------+-----
Long Blades    | 3 4 6 7 |  7.2
Fighting       | |  3.2
Armour         | |  3.2
Shields        | |  4.0

Action                   |  1- 3 |  4- 6 |  7- 9 || total
-------------------------+-------+-------+-------++-------
Melee: Long sword        |    51 |   212 |       ||   263
 Abil: Shaft Self        |       |     1 |       ||     1
  Use: Scroll            |     6 |     5 |       ||    11
       Potion            |       |     4 |       ||     4
Armor: Scale mail        |    14 |   106 |       ||   120
Dodge: Dodged            |    17 |   102 |       ||   119
Block: Buckler           |    14 |    53 |       ||    67

Levels and vault maps discovered:
D:1:      ebering_trefoil_twist, layout_basic,
          hellmonk_ecumenical_altar_prayer_group, hangedman_decor_peaks_small,
          minivault_26, minmay_tromino_v7
D:2:      layout_loops_ring, serial_shops, nicolae_shop_trees
D:3:      layout_loops_ring, amcnicky_mini_rare_corridor_liquid,
          kennysheep_generic_room_5
D:4:      layout_rooms, minmay_temple_entry_trees,
          hangedman_decor_clover_reticule
D:5:      corexii_shack_village, layout_loops_ring,
          nicolae_elyvilon_temple_path, gammafunk_ghost_necromancy,
          minmay_misc_feat_hallway, uniq_edmund
Temple:   nicolae_temple_figure_eight

Notes
Turn   | Place    | Note
-------+----------+-------------------------------------------
     0 | D:1      | ytrimaz the Formicid Fighter began the quest for the Orb.
     0 | D:1      | Reached XP level 1. HP: 18/18 MP: 1/1
     0 | D:1      | magus.rc [v1.9.6]
   188 | D:1      | Reached XP level 2. HP: 22/24 MP: 2/2
   664 | D:1      | Reached skill level 3 in Long Blades
   861 | D:1      | Found a faded altar of an unknown god.
   976 | D:2      | Reached XP level 3. HP: 21/29 MP: 3/3
  1124 | D:2      | Reached skill level 4 in Long Blades
  1124 | D:2      | Reached XP level 4. HP: 35/35 MP: 4/4
  1334 | D:2      | HP: 6/35 [gnoll/+0 flail (5)]
  1521 | D:2      | Found Donnu's Armour Emporium.
  1529 | D:2      | Bought a +0 pair of gloves for 45 gold pieces
  1571 | D:2      | Reached XP level 5. HP: 41/41 MP: 5/5
  1602 | D:2      | Reached skill level 5 in Long Blades
  2475 | D:3      | You fall into a shaft and drop 1 floor!
  2596 | D:4      | Found a staircase to the Ecumenical Temple.
  2605 | Temple   | Entered the Ecumenical Temple
  2615 | Temple   | Reached skill level 6 in Long Blades
  2615 | Temple   | Reached XP level 6. HP: 25/47 MP: 6/6
  2917 | Temple   | Became a worshipper of Warmaster Okawaru
  2995 | D:3      | HP: 9/47 [poisoned by a gnoll]
  2996 | D:3      | You fall into a shaft and drop 1 floor!
  2997 | D:4      | HP: 4/47 [poisoned by a gnoll]
  3002 | D:4      | HP: 10/47 [poisoned by a gnoll]
  3895 | D:5      | Entered Level 5 of the Dungeon
  3943 | D:5      | HP: 11/47 [scorpion (4)]
  3946 | D:4      | HP: 4/47 [poisoned by a scorpion]
  3948 | D:4      | Reached skill level 7 in Long Blades
  3948 | D:4      | Reached XP level 7. HP: 2/52 MP: 7/7
  3948 | D:4      | HP: 1/52 [poisoned by a scorpion]
  3949 | D:4      | Succumbed to a scorpion's poison

Vanquished Creatures
  A scorpion (D:4)
  A hound (Temple)
  An iguana (D:4)
  4 orc wizards
  6 adders
  5 gnolls
  An ufetubus (D:5)
  2 worms
  A dart slug (D:1)
  14 orcs
  2 ball pythons
  7 endoplasms
  3 giant cockroaches
  5 goblins
  5 hobgoblins
  2 jackals (D:3)
  3 quokkas
  2 frilled lizards
  9 kobolds
  4 rats
78 creatures vanquished.

Vanquished Creatures (others)
  2 plants (D:5)
2 creatures vanquished.

Grand Total: 80 creatures vanquished

Table legend:
 A = Non-vault XP
 B = Vault XP
 C = Vault XP percentage of total XP
 D = Non-vault monster count
 E = Vault monster count
 F = Vault count percentage of total count
                 A         B        C        D         E       F
            +---------+---------+-------+---------+---------+-------
      Total |     585 |       7 |   1.2 |      73 |       5 |   6.4
            +---------+---------+-------+---------+---------+-------
        D:1 |      18 |       6 |  25.0 |      10 |       4 |  28.6
        D:2 |     138 |       0 |   0.0 |      23 |       0 |   0.0
        D:3 |      76 |       1 |   1.3 |      15 |       1 |   6.2
        D:4 |     300 |       0 |   0.0 |      23 |       0 |   0.0
        D:5 |       8 |       0 |   0.0 |       1 |       0 |   0.0
     Temple |      45 |       0 |   0.0 |       1 |       0 |   0.0
            +---------+---------+-------+---------+---------+-------

Illustrated notes

Table legend:
 A = Kills in this place as a percentage of kills in entire the game.
 B = Kills by you in this place as a percentage of kills by you in the entire game.
 C = Kills by friends in this place as a percentage of kills by friends in the entire game.
 D = Other kills in this place as a percentage of other kills in the entire game.
 E = Experience gained in this place as a percentage of experience gained in the entire game.
 F = Experience gained in this place divided by the number of levels of this place that you have seen.
                   A       B       C       D       E      F
               +-------+-------+-------+-------+-------+----------------------
         Total | 100.0 | 100.0 |   N/A |   N/A | 100.0 |  98.7
       Dungeon |  98.7 |  98.7 |   N/A |   N/A |  92.4 | 109.4
        Temple |   1.3 |   1.3 |   N/A |   N/A |   7.6 |  45.0
               +-------+-------+-------+-------+-------+----------------------

Table legend: (Time is in decaauts)
 A = Elapsed time spent in this place.
 B = Non-inter-level travel time spent in this place.
 C = Inter-level travel time spent in this place.
 D = Time resting spent in this place.
 E = Time spent auto-exploring this place.
 F = Levels seen in this place.
 G = Mean time per level.
                   A        B        C        D        E       F      G
               +--------+--------+--------+--------+--------+-----+--------+
         Total |   3995 |   3880 |    115 |    151 |   3009 |   6 |  665.8 |
       Dungeon |   3661 |   3582 |     79 |    151 |   2728 |   5 |  732.2 |
        Temple |    334 |    298 |     36 |      0 |    281 |   1 |  334.0 |
               +--------+--------+--------+--------+--------+-----+--------+

Top non-repeatable levels by time:
     D:4: 965 daAuts
     D:1: 959 daAuts
     D:3: 864 daAuts
     D:2: 821 daAuts
  Temple: 334 daAuts
     D:5: 49 daAuts
